 Dungeon Crawl Stone Soup version 0.25.0-46-gbd7b0854d2 (webtiles) character file.

Game seed: 15738579758461617678

121 Jimbable the Poker (level 5, 0/41 HPs)
             Began as a Merfolk Gladiator on July 15, 2020.
             Slain by an ogre
             ... wielding a cursed +0 giant club
              (25 damage)
             ... on level 4 of the Dungeon.
             The game lasted 00:03:21 (2399 turns).

Jimbable the Poker (Merfolk Gladiator)              Turns: 2399, Time: 00:03:22

Health: 0/41       AC:  5    Str: 16    XL:     5   Next: 5%
Magic:  5/5        EV: 14    Int:  7    God:
Gold:   96         SH:  0    Dex: 15    Spells: 4/4 levels left

rFire    . . .     SeeInvis .   a - +0 trident
rCold    . . .     Gourm    .   (no shield)
rNeg     . . .     Faith    .   b - +0 leather armour
rPois    .         Spirit   .   c - +0 helmet
rElec    .         Reflect  .   o - +0 cloak
rCorr    .         Harm     .   (no gloves)
MR       .....                  (no boots)
Stlth    +.........             (no amulet)
HPRegen  0.13/turn              (no ring)
MPRegen  0.09/turn              (no ring)

@: no status effects
A: change form in water, swift swim, stealthy swim
a: no special abilities


You were on level 4 of the Dungeon.
You were not hungry.

You visited 1 branch of the dungeon, and saw 4 of its levels.

You collected 96 gold pieces.

Inventory:

Hand Weapons
 a - a +0 trident (weapon)
 h - a +0 vampiric hand axe
Missiles
 d - 4 throwing nets (quivered)
Armour
 b - a +0 leather armour (worn)
 c - a +0 helmet (worn)
 o - a +0 cloak (worn)
Jewellery
 y - an uncursed amulet of magic regeneration {unknown}
Wands
 x - a wand of iceblast (8)
Scrolls
 g - 2 scrolls of magic mapping {unknown}
 k - 4 scrolls of teleportation {unknown}
 l - 3 scrolls of identify {unknown}
 n - 3 scrolls of remove curse {unknown}
 p - 2 scrolls of amnesia {unknown}
 r - a scroll of fog {unknown}
 v - a scroll of immolation {unknown}
 w - a scroll of noise {unknown}
Potions
 e - 2 potions of degeneration {unknown}
 i - 4 potions of curing {unknown}
 j - 2 potions of lignification {unknown}
 m - a potion of berserk rage {unknown}
 q - a potion of flight {unknown}
 s - a potion of magic {unknown}
 t - a potion of might {unknown}
 u - a potion of cancellation {unknown}
 z - a potion of haste {unknown}
Comestibles
 f - 9 rations


   Skills:
 + Level 3.0 Fighting
 + Level 6.4 Polearms
 + Level 2.1 Throwing
 + Level 5.1 Dodging
 + Level 0.7 Stealth


You had 4 spell levels left.
You didn't know any spells.
Your spell library was empty.

Dungeon Overview and Level Annotations

Branches:
Dungeon (4/15)
 Temple: D:4-7

Altars:


Message History

The ogre is lightly wounded.
The ogre barely misses you.
You puncture the ogre!
The ogre is moderately wounded.
You hit the ogre.
The ogre is heavily wounded.
The ogre misses you.
You hit the ogre but do no damage.
The ogre is heavily wounded.
The ogre closely misses you.
You hit the ogre.
The ogre is severely wounded.
The ogre hits you with a cursed +0 giant club!
You hit the ogre.
The ogre is severely wounded.
You hit the ogre.
The ogre is almost dead.
The ogre hits you with a cursed +0 giant club!!
Ouch! That really hurt!
You die...

..... .... ...###
..#..# ###
.....######.####
##.##...##......#
##...##..#.##....#
#.O#..#.........##
#@#.#..#......# #
#....#...........##
#.
....#.#(#.#.........#
.. ..
#..#..#........###..
##..$##.............
##.##..#..........#
......#...........#
......##...........
.......#............


You could see an ogre.

Vanquished Creatures
  A bullfrog skeleton (D:4)
  2 adders (D:2)
  An ooze (D:3)
  3 worms
  3 dart slugs
  2 leopard geckos
  8 bats
  6 giant cockroaches
  7 goblins
  3 hobgoblins (D:1)
  8 kobolds
  6 frilled lizards
  6 rats
56 creatures vanquished.

Notes
Turn   | Place    | Note
-------+----------+-------------------------------------------
     0 | D:1      | Jimbable the Merfolk Gladiator began the quest for the Orb.
     0 | D:1      | Reached XP level 1. HP: 16/16 MP: 1/1
    80 | D:1      | Reached XP level 2. HP: 15/22 MP: 2/2
    95 | D:1      | Reached skill level 5 in Polearms
   807 | D:1      | Reached XP level 3. HP: 28/28 MP: 3/3
  1184 | D:2      | Reached XP level 4. HP: 31/34 MP: 4/4
  1763 | D:3      | Reached skill level 5 in Dodging
  1979 | D:3      | Reached skill level 6 in Polearms
  2314 | D:4      | Reached XP level 5. HP: 35/41 MP: 5/5
  2392 | D:4      | Noticed an ogre
  2399 | D:4      | Slain by an ogre

Illustrated notes

Levels and vault maps discovered:
D:1:      mrwooster_arrival_statue_3, layout_rooms,
          wander_ebering_terrifying_dragon_lair
D:2:      layout_rooms, grunt_decor_fettered
D:3:      layout_basic, first_ration
D:4:      layout_cave_pools, ebering_ghost_rock_garden, minmay_box_of_dots

Skill      XL: |  1  2  3  4 |
---------------+-------------+-----
Polearms       | 5 6 |  6.4
Dodging        | 5 |  5.1
Fighting       | 3 |  3.0
Throwing       | |  2.1
Stealth        | |  0.7

Action                   |  1- 3 |  4- 6 || total
-------------------------+-------+-------++-------
Melee: Trident           |   121 |    80 ||   201
 Stab: Sleeping          |     3 |     2 ||     5
  Eat: Chunk             |     1 |     4 ||     5
Armor: Leather armour    |    23 |    10 ||    33
Dodge: Dodged            |    76 |    37 ||   113
